 Dungeon Crawl Stone Soup version 0.17.1-1-g73c8601 (webtiles) character file.

514 Peloso the Skirmisher (level 7, -10/62 HPs)
             Began as a Minotaur Fighter on Dec 27, 2015.
             Killed by divine providence
             ... invoked by an orc priest
              (14 damage)
             ... on level 4 of the Dungeon.
             The game lasted 00:08:56 (2284 turns).

Peloso the Skirmisher (Minotaur Fighter)            Turns: 2284, Time: 00:08:56

Health: -10/62     AC: 10    Str: 22    XL:     7   Next: 0%
Magic:  6/6        EV:  6    Int:  5    God:
Gold:   158        SH: 10    Dex: 10    Spells: 0 memorised, 6 levels left

rFire  . . .     SeeInvis .     a - +0 long sword
rCold  . . .     Clarity  .     f - +0 chain mail
rNeg   . . .     SustAt   .     c - +0 shield
rPois  .         Gourm    .     (helmet restricted)
rElec  .         Spirit   .     (no cloak)
rCorr  .         Warding  .     (no gloves)
rMut   +         Stasis   .     (no boots)
MR     .....                    s - amulet of resist mutation
Stlth  ..........               (no ring)
                                (no ring)

@: lethally poisoned (-10 -> -11), not resistant to hostile enchantments,
extremely unstealthy
A: retaliatory headbutt, horns 2
a: no special abilities


You were on level 4 of the Dungeon.
You were not hungry.

You visited 1 branch of the dungeon, and saw 4 of its levels.

You collected 158 gold pieces.

Inventory:

Hand Weapons
 a - a +0 long sword (weapon)
 q - a cursed -2 whip
Armour
 c - a +0 shield (worn)
 f - a +0 chain mail (worn)
Jewellery
 s - an amulet of resist mutation (around neck)
Wands
 A - a wand of slowing (9)
Scrolls
 j - 6 scrolls of remove curse
 t - a scroll of recharging {unknown}
 v - 5 scrolls of identify
 x - a scroll of magic mapping
 y - a scroll of teleportation
Potions
 d - a potion of flight {unknown}
 h - a potion of agility
 i - a potion of brilliance
 k - a potion of invisibility {unknown}
 l - 3 potions of curing {unknown}
 m - a potion of mutation {unknown}
 n - a potion of degeneration {unknown}
 r - a potion of poison {unknown}
 u - a potion of might
 w - a potion of ambrosia {unknown}
Comestibles
 b - a slice of pizza
 e - 4 bread rations
 g - 2 beef jerkies
 o - 2 meat rations
 p - 2 chunks of flesh
 z - 3 fruits


   Skills:
 + Level 5.9 Fighting
 + Level 3.8 Long Blades
 + Level 5.7 Armour
 + Level 1.6 Dodging
 + Level 0.3 Stealth
 + Level 5.8 Shields


You had 6 spell levels left.
You didn't know any spells.

Dungeon Overview and Level Annotations

Branches:
Dungeon (4/15)
 Temple: D:4-7

Altars:
Gozag


Innate Abilities, Weirdness & Mutations

You reflexively headbutt those who attack you in melee.
You have a pair of horns on your head.


Message History

Unknown command.
You closely miss the worker ant.
The worker ant is heavily wounded.
You feel sick.
The orc priest mumbles some strange prayers to Beogh against you.
Something smites you!
* * * LOW HITPOINT WARNING * * *
You block the worker ant's attack. The worker ant barely misses you.
You feel sick.
There is an escape hatch in the floor here.
The worker ant waves its antennae.
You feel sick.
The orc wizard gestures wildly while chanting.
The orc wizard blinks!
The orc wizard casts a spell.
The orc wizard blinks!
The orc priest calls down the wrath of Beogh upon you.
Something smites you!
You die...

#...#.....## ####
#..>.......#### #...
#...#..)....... #...o
#..†#..........
#..?o###
#...#..(..#....
#..oo†.# ###.#..(..#
.## #.# #.#..(..##.##
#o#######...(........
#.oo.o..a@#...(.##..#
###########.....# .#
####.....# .
........## ........#
#........#####+##
.................
.................
#.#..............


You could see a worker ant, 2 orc priests and an orc wizard.

Vanquished Creatures
  The ghost of flt the Skirmisher, an amateur HOMo (D:3)
  A centaur (D:4)
  2 iguanas (D:4)
  An orc priest (D:4)
  A giant frog skeleton (D:3)
  An orc wizard (D:4)
  7 adders
  2 worms (D:3)
  2 giant geckos
  8 orcs
  A ball python (D:4)
  9 hobgoblins
  A quokka (D:3)
  8 bats
  2 giant cockroaches
  12 giant newts
  9 goblins
  3 jackals (D:4)
  7 kobolds
  9 rats
87 creatures vanquished.

Notes
Turn   | Place    | Note
--------------------------------------------------------------
     0 | D:1      | Peloso the Minotaur Fighter began the quest for the Orb.
     0 | D:1      | Reached XP level 1. HP: 19/19 MP: 0/0
   162 | D:1      | Reached XP level 2. HP: 21/27 MP: 1/1
   335 | D:1      | Reached skill level 4 in Fighting
   965 | D:2      | Reached XP level 3. HP: 33/33 MP: 2/2
  1495 | D:3      | Reached XP level 4. HP: 41/41 MP: 3/3
  1533 | D:3      | Noticed flt's ghost (amateur HOMo)
  1547 | D:3      | Killed flt's ghost
  1547 | D:3      | Reached skill level 5 in Fighting
  1547 | D:3      | Reached skill level 5 in Armour
  1547 | D:3      | Reached skill level 1 in Dodging
  1547 | D:3      | Reached XP level 5. HP: 38/48 MP: 4/4
  1551 | D:3      | Reached skill level 5 in Shields
  1670 | D:3      | Reached XP level 6. HP: 44/56 MP: 5/5
  2042 | D:4      | Found an opulent altar of Gozag.
  2262 | D:4      | Reached XP level 7. HP: 51/62 MP: 6/6
  2284 | D:4      | Killed from afar by an orc priest

Action                   |  1- 3 |  4- 6 |  7- 9 || total
-------------------------+-------+-------+-------++-------
Melee: Long sword        |   112 |   132 |    13 ||   257
  Use: Scroll            |     6 |       |       ||     6
       Potion            |       |     1 |       ||     1
  Eat: Chunk             |     2 |     3 |       ||     5
